 Dungeon Crawl Stone Soup version 0.30.1-4-g462c640d31 (webtiles) character file.

Game seed: 2654787286530339802

48 spardeous the Conjurer (level 3, -2/26 HPs)
             Began as a Demigod Conjurer on Aug 31, 2023.
             Killed from afar by Natasha (7 damage)
             ... with a puff of flame
             ... on level 2 of the Dungeon.
             The game lasted 00:01:02 (1665 turns).

spardeous the Conjurer (Demigod Conjurer)           Turns: 1665, Time: 00:01:03

Health: -2/26      AC:  5    Str:  8    XL:     3   Next: 30%
Magic:  2/9        EV: 10    Int: 24    God:
Gold:   72         SH:  0    Dex: 12    Spells: 4/7 levels left

rFire   . . .        j - +0 dagger (vamp)
rCold   . . .        (no shield)
rNeg    . . .        i - +0 ring mail
rPois   .            (no helmet)
rElec   .            (no cloak)
rCorr   .            (no gloves)
SInv    .            (no boots)
Will    +....        (no amulet)
Stlth   +            g - ring of willpower
HPRegen 0.24/turn    (no ring)
MPRegen 0.11/turn

%: no passive effects
@: no status effects
A: high MP 1, forlorn, divine attributes
a: no special abilities


You were on level 2 of the Dungeon.
You visited 1 branch of the dungeon, and saw 2 of its levels.

You collected 72 gold pieces.

Inventory:

Hand Weapons
 j - a +0 vampiric dagger (weapon)
Armour
 a - a +0 robe
 i - a +0 ring mail (worn)
Jewellery
 g - a ring of willpower (left hand)
Scrolls
 c - a scroll of amnesia {unknown}
 e - 2 scrolls of teleportation {unknown}
 f - a scroll of noise {unknown}
 h - 2 scrolls of identify {unknown}
 n - a scroll of acquirement {unknown}
Potions
 b - 2 potions of magic
 d - 2 potions of curing {unknown}
 k - a potion of attraction {unknown}
 l - a potion of berserk rage {unknown}
 m - a potion of brilliance {unknown}


   Skills:
 - Level 1.7 Dodging
 - Level 1.7 Stealth
 + Level 2.6 Spellcasting
 + Level 4.2 Conjurations


You had 4 spell levels left.
You knew the following spells:

 Your Spells              Type           Power      Damage    Failure   Level
a - Magic Dart            Conj           92%        1d7       6%          1
b - Searing Ray           Conj           46%        2d6       9%          2

Your spell library contained the following spells:

 Spells                   Type           Power      Damage    Failure   Level
 Static Discharge         Conj/Air       26%        2-4/arc   22%         2
 Sandblast                Erth           6%         2d5       34%         1
 Dazzling Flash           Conj/Hex       26%        N/A       41%         3
 Stone Arrow              Conj/Erth      26%        3d8       41%         3
 Passwall                 Tmut/Erth      2%         N/A       47%         2
 Fulminant Prism          Conj/Hex       6%         3d7       82%         4
 Iskenderun's Mystic Bla  Conj/Tloc      13%        2d5       82%         4
 Airstrike                Air            1%         2d(1-17)  98%         4
 Summon Lightning Spire   Summ/Air       3%         N/A       98%         4


Dungeon Overview and Level Annotations

Branches:
Dungeon (2/15)

Annotations:
D:2 Natasha


Innate Abilities, Weirdness & Mutations

You have an increased reservoir of magic. (+10% MP)
You shall have no god before yourself.
Your divine heritage dramatically boosts your attributes as you level up.


Message History

You don't have enough magic to cast this spell.
You now have 0/9 mp.
There are monsters nearby!
Casting: Magic Dart (safe; 6% risk of failure)
Confirm with . or Enter, or press ? or * to list all spells.
You don't have enough magic to cast this spell.
Unknown command.
The cerulean imp barely misses you.
Natasha mumbles some strange words.
Your magical contamination has completely faded away.
The cerulean imp hits you from afar with a +2 spear.
You take 1 damage, and have 18/26 hp.
Natasha growls.
Natasha mumbles some strange words.
The cerulean imp hits you from afar with a +2 spear.
You take 2 damage, and have 16/26 hp.
The cerulean imp hits you from afar with a +2 spear.
You take 2 damage, and have 15/26 hp.
You see here the felid corpse of Natasha.
The cerulean imp disappears in a puff of smoke! x2
The cerulean imp barely misses you.
The cerulean imp hits you from afar with a +2 spear.
You take 4 damage, and have 12/26 hp.
The cerulean imp disappears in a puff of smoke!
Natasha zaps a wand.
The puff of flame hits you.
You take 1 damage, and have 12/26 hp.
Natasha zaps a wand.
The puff of flame hits you!
* * * LOW HITPOINT WARNING * * *
You take 8 damage, and have 4/26 hp.
MASSIVE DAMAGE!!
Unknown command.
Natasha is nearby!
Casting: Magic Dart (safe; 6% risk of failure)
Confirm with . or Enter, or press ? or * to list all spells.
Aiming: Magic Dart (safe; 6% risk of failure)
Press: ? - help, Shift-Dir - straight line, f/p - Natasha
Aim: Natasha, carrying a wand of flame (5) (heavily wounded, 100% to hit)
The magic dart hits Natasha.
Natasha is severely wounded.
Natasha zaps a wand.
The puff of flame hits you!
You die...

#.........# #.........#
#.........# ###..h...##
#......# #......#
#......# ####......#
####### #.......@.#
#.....#
#.........###.....#
#...........#.....# ###
###...).....#.....# #.#
#.........#.....# #..
####...(........# #..
#.~.............# ###
#.~.......##...#### ###
#.≈.##########....###..


You could see Natasha.

Vanquished Creatures
  Natasha (D:2)
  2 dart slugs (D:1)
  2 endoplasms
  A giant cockroach (D:2)
  3 goblins
  2 hobgoblins (D:1)
  4 kobolds
  2 bats (D:1)
  A frilled lizard (D:1)
  A rat (D:1)
19 creatures vanquished.

Notes
Turn   | Place    | Note
-------+----------+-------------------------------------------
     0 | D:1      | spardeous the Demigod Conjurer began the quest for the Orb.
     0 | D:1      | Reached XP level 1. HP: 14/14 MP: 5/5
   729 | D:1      | Reached XP level 2. HP: 20/20 MP: 2/7
  1141 | D:1      | Reached skill level 4 in Conjurations
  1525 | D:2      | Noticed Natasha
  1531 | D:2      | Killed Natasha
  1532 | D:2      | Reached XP level 3. HP: 26/26 MP: 2/9
  1535 | D:2      | Learned a level 2 spell: Searing Ray
  1633 | D:2      | Noticed Natasha
  1665 | D:2      | Killed from afar by Natasha

Illustrated notes

Levels and vault maps discovered:
D:1:      psy_arrival_spokes, layout_basic
D:2:      layout_basic, serial_rivers, chequers_serial_rivers_marsh,
          chequers_serial_rivers_large_b, chequers_serial_rivers_large_a,
          chequers_serial_rivers_micro_b, chequers_serial_rivers_micro_c,
          chequers_serial_rivers_micro_e, basic_altar,
          hellmonk_ecumenical_altar_crossroads, uniq_natasha, uniq_sigmund

Skill      XL: |  1  2 |
---------------+-------+-----
Spellcasting   | 2 |  2.6
Conjurations   | 4 |  4.2
Dodging        | |  1.7
Stealth        | |  1.7

Action                     || total
---------------------------++-------
   Cast: Magic Dart        ||    51
  Dodge: Dodged            ||     5
